 Dungeon Crawl Stone Soup version 0.31-a0-426-g3a05650e59 (webtiles) character file.

Game seed: 18025403887660865495

175054 RepHenryClay the Acrobat (level 17, -4/92 HPs)
             Began as a Deep Elf Hedge Wizard on July 30, 2023.
             Was the Champion of Vehumet.
             Slain by a ghost moth (15 damage)
             ... on level 4 of the Spider Nest.
             The game lasted 01:32:43 (44000 turns).

RepHenryClay the Acrobat (Deep Elf Hedge Wizard)   Turns: 44000, Time: 01:32:44

Health: -4/92      AC: 12    Str:  8    XL:     17   Next: 46%
Magic:  0/38       EV: 22    Int: 26    God:    Vehumet [******]
Gold:   1633       SH: 10    Dex: 16    Spells: 5/46 levels left

rFire   . . .        t - staff of conjuration
rCold   . . .        c - +0 buckler
rNeg    . . .        G - +1 leather armour {Will+}
rPois   +            s - +1 helmet
rElec   +            B - +2 cloak
rCorr   +            N - +1 pair of gloves {Str+3}
SInv    +            m - +0 pair of boots
Will    ++...        X - amulet of reflection
Stlth   +++          K - ring "Ziops" {Fly rElec rPois rCorr Str-2}
HPRegen 0.35/turn    y - ring of see invisible
MPRegen 0.26/turn

%: reflection
@: about to teleport, flying
A: no striking features
a: Renounce Religion


You were on level 4 of the Spider Nest.
You worshipped Vehumet.
Vehumet was exalted by your worship.
You visited 5 branches of the dungeon, and saw 27 of its levels.
You also visited: Gauntlet.

You collected 3541 gold pieces.
You spent 1908 gold pieces at shops.

Inventory:

Missiles
 n - 2 throwing nets
Armour
 c - a +0 buckler (worn)
 m - a +0 pair of boots (worn)
 s - a +1 helmet (worn)
 v - the +1 robe of Spite {Rampage Will+ rCorr Dex-5}
   (You found it on level 3 of the Dungeon)

   Dex:       It affects your dexterity (-5).
   rCorr:     It protects you from acid and corrosion.
   Rampage:   It bestows one free step when moving towards enemies.
   Will:      It increases your willpower.
 x - the +0 helmet of the Divine Trilobite {Fly rElec rC- rCorr}
   (You found it on level 2 of the Spider Nest)

   rC:        It makes you vulnerable to cold.
   rElec:     It insulates you from electricity.
   Fly:       It grants you flight.
   rCorr:     It protects you from acid and corrosion.
 z - a +1 leather armour of cold resistance
 B - a +2 cloak (worn)
 G - a +1 leather armour of willpower (worn)
 N - a +1 pair of gloves of strength (worn)
 R - the +1 helmet "Unol" {rCorr MP-9 Str+4 Dex+3}
   (You found it in a Gauntlet)

   Str:       It affects your strength (+4).
   Dex:       It affects your dexterity (+3).
   MP:        It affects your magic capacity (-9).
   rCorr:     It protects you from acid and corrosion.
 U - a +0 robe of fire resistance
Magical Staves
 t - a staff of conjuration (weapon)
 I - a staff of earth
Jewellery
 e - the ring "Zaotuc" {rC+ Slay+3}
   (You bought it in a shop on level 2 of the Orcish Mines)

   [ring of protection from cold]

   Slay:      It affects your accuracy & damage with ranged weapons and melee
   (+3).
   rC:        It protects you from cold.
 i - an amulet of magic regeneration
 o - a +5 ring of evasion
 u - the ring of Xeipiuka {rF+ rN+ Str+4}
   (You acquired it on level 4 of the Lair of Beasts)

   [ring of protection from fire]

   Str:       It affects your strength (+4).
   rF:        It protects you from fire.
   rN:        It protects you from negative energy.
 y - a ring of see invisible (right hand)
 E - a +6 ring of intelligence
 K - the ring "Ziops" (left hand) {Fly rElec rPois rCorr Str-2}
   (You found it in a Gauntlet)

   [ring of flight]

   Str:       It affects your strength (-2).
   rElec:     It insulates you from electricity.
   rPois:     It protects you from poison.
   Fly:       It grants you flight.
   rCorr:     It protects you from acid and corrosion.
 Q - the ring "Wucrun" {rF++ rCorr Str+3}
   (You found it in a Gauntlet)

   [ring of resist corrosion]

   Str:       It affects your strength (+3).
   rF:        It greatly protects you from fire.
   rCorr:     It protects you from acid and corrosion.
 X - an amulet of reflection (around neck)
Wands
 f - a wand of digging (2)
 A - a wand of roots (19)
 F - a wand of charming (21)
 J - a wand of mindburst (17)
 Y - a wand of quicksilver (14)
Scrolls
 a - a scroll of identify {@r1}
 b - 4 scrolls of enchant armour
 j - 4 scrolls of amnesia
 k - 7 scrolls of teleportation
 H - 4 scrolls of immolation
 L - 3 scrolls of fear
 P - 3 scrolls of brand weapon
 S - 5 scrolls of revelation
 T - 4 scrolls of fog
 Z - 5 scrolls of blinking
Potions
 d - 5 potions of magic
 h - 8 potions of curing
 l - 2 potions of invisibility
 p - a potion of haste
 q - 2 potions of resistance
 r - 6 potions of mutation
 w - 4 potions of brilliance
 D - 2 potions of might
 M - 2 potions of cancellation
 V - 4 potions of heal wounds
 W - 4 potions of enlightenment
Miscellaneous
 g - a box of beasts
 C - a lightning rod (4/4)
 O - a condenser vane


   Skills:
 - Level 5.0 Fighting
 + Level 9.1 Staves
 - Level 21.0 Dodging
 - Level 6.4 Stealth
 - Level 5.0 Shields
 - Level 15.3 Spellcasting
 - Level 18.0 Conjurations
 - Level 1.1 Summonings
 - Level 5.0 Translocations
 - Level 4.7 Ice Magic
 - Level 5.0 Air Magic
 - Level 8.5 Earth Magic
 - Level 8.6 Evocations


You had 5 spell levels left.
You knew the following spells:

 Your Spells              Type           Power      Damage    Failure   Level
a - Stone Arrow           Conj/Erth      100%       3d13      1%          3
c - Iskenderun's Battles  Conj           100%       2d15      1%          5
d - Iskenderun's Mystic   Conj/Tloc      88%        2d17      1%          4
e - Freezing Cloud        Conj/Ice/Air   40%        6-21      1%          5
f - Poisonous Vapours     Pois/Air       64%        N/A       1%          2
g - Lee's Rapid Deconstr  Erth           29%        3d15*     1%          5
h - Arcjolt               Conj/Air       44%        1d54      1%          5
i - Orb of Destruction    Conj           53%        9d13      1%          7
j - Mephitic Cloud        Conj/Pois/Air  74%        N/A       1%          3
Q - Blink                 Tloc           90%        N/A       1%          2

Your spell library contained the following spells:

 Spells                   Type           Power      Damage    Failure   Level
 Eringya's Noxious Bog    Tmut/Pois      9%         4d6       88%         6
 Magic Dart               Conj           100%       1d8       0%          1
 Apportation              Tloc           90%        N/A       1%          1
 Foxfire                  Conj/Fire      100%       2x1d9     1%          1
 Sandblast                Erth           100%       2d20      1%          1
 Shock                    Conj/Air       100%       1d9       1%          1
 Passwall                 Tmut/Erth      35%        N/A       1%          2
 Volatile Blastmotes      Fire/Tloc      64%        2d15      1%          3
 Flame Wave               Conj/Fire      79%        2d17      1%          4
 Fulminant Prism          Conj/Hex       39%        3d17      1%          4
 Sticky Flame             Conj/Fire      79%        2d9       1%          4
 Irradiate                Conj/Tmut      39%        3d24      1%          5
 Scorch                   Fire           38%        2d6       2%          2
 Swiftness                Air            45%        N/A       2%          3
 Airstrike                Air            22%        2d(4-20)  2%          4
 Summon Small Mammal      Summ           100%       N/A       3%          1
 Ensorcelled Hibernation  Hex/Ice        64%        N/A       3%          2
 Cigotuvi's Dreadful Rot  Necr/Pois/Air  56%        N/A       4%          2
 Inner Flame              Hex/Fire       19%        N/A       4%          3
 Call Imp                 Summ           50%        N/A       5%          2
 Necrotise                Necr           76%        1d7       6%          1
 Slow                     Hex            76%        N/A       6%          1
 Sting                    Tmut/Pois      76%        1d6       6%          1
 Portal Projectile        Hex/Tloc       64%        N/A       6%          3
 Wereblood                Tmut           19%        N/A       9%          2
 Leda's Liquefaction      Hex/Erth       21%        N/A       10%         4
 Summon Guardian Golem    Hex/Summ       22%        N/A       14%         3
 Olgreb's Toxic Radiance  Pois           19%        N/A       16%         4
 Tukima's Dance           Hex            19%        N/A       17%         3
 Dispel Undead            Necr           19%        3d11      50%         4
 Leda's Unmaking          Conj/Erth      46%        9d8       1%          6
 Spellforged Servitor     Conj/Summ      40%        N/A       24%         7
 Death Channel            Necr           9%         N/A       100%        6


Dungeon Overview and Level Annotations

Branches:
Dungeon (15/15)            Temple (1/1) D:5            Lair (5/5) D:11
  Swamp (0/4) Lair:2       Spider (4/4) Lair:3        Slime (0/5) Lair:4
    Orc (2/2) D:10            Elf (0/3) Orc:2        Vaults (0/5) D:13
 Depths (0/4) D:15        Gauntlet (visited)

Altars:
Ashenzari
Cheibriados
Dithmenos
Elyvilon
Fedhas
Gozag
Hepliaklqana
Kikubaaqudgha
Makhleb
Nemelex Xobeh
Okawaru
Qazlal
Ru
Sif Muna
Trog
Uskayaw
Vehumet
Wu Jian
Xom
Yredelemnul
Zin
The Shining One
Jiyva

Shops:
D:4 ((*=   D:8 :   Orc:2 ?=?[

Annotations:
D:3 Grinder
D:8 unfinished
Lair:3 1 runed translucent door, gelatine's ghost, journeyman DsGl


Message History

The emperor scorpion stings you but does no damage.
The emperor scorpion misses you.
The emperor scorpion claws you but does no damage.
Damage: -9%(-9hp) hp: 66%(60hp)
As you read the scroll of teleportation, it crumbles to dust.
You feel strangely unstable.
You are engulfed in freezing vapours.
Your battlesphere is engulfed in freezing vapours. x2
The ghost moth is engulfed in freezing vapours.
The ghost moth stares at you.
You feel your power leaking away.
The ghost moth hits your battlesphere! x2
The ghost moth stings your battlesphere!
Your battlesphere is destroyed!
The emperor scorpion is engulfed in freezing vapours.
You block the emperor scorpion's attack.
The emperor scorpion claws you but does no damage.
The emperor scorpion misses you.
Huge Dmg: -19%(-17hp) hp: 47%(43hp)
You hit the emperor scorpion but do no damage.
You blast the emperor scorpion!!
The emperor scorpion is severely wounded.
You are engulfed in freezing vapours.
* * * LOW HITPOINT WARNING * * *
The ghost moth is engulfed in freezing vapours.
The emperor scorpion is engulfed in freezing vapours.
The emperor scorpion stings you!
* * * LOW HITPOINT WARNING * * *
You block the emperor scorpion's attack.
The emperor scorpion completely misses you.
Huge Dmg: -35%(-32hp) hp: 12%(11hp)
The emperor scorpion attacks as you move away!
The emperor scorpion stings you but does no damage.
You block the emperor scorpion's attack.
The emperor scorpion claws you but does no damage.
The ghost moth is engulfed in freezing vapours.
The emperor scorpion is engulfed in freezing vapours.
The orb spider pulsates with a strange energy.
The ghost moth is engulfed in freezing vapours.
The ghost moth hits you!
You die...

#^^#^#..~.#
#...#s##...# ###
#..§§§.#.~.# ..###
###### ##§.§§§~#†..#
....####....##
#~§§§§§!#...#
#.....#...#..#
##§§§§y≈.##..##
####..#..#^.## #.s§#
#..^#
#....##...###~y##
#..~# #
##^^..###..##.@#
#~.##
########.....###..#
#..# ##..###..##..#
#~.## #..#
.....#####.^#####..#
#..##
..#..#.#....#.###.^#
##..~#
###..#..^.#....###.##
#≈..~# ##^..#..#..#.#
#..# #≈.^##
##..##..#.^### #..#
##≈.~# #^.##...##...#
#..####≈≈.^#


You could see an emperor scorpion, a ghost moth (invisible) and an orb spider
(charged).

Vanquished Creatures
  Rupert (D:13)
  Jorgrun (D:14)
  Frances (D:14)
  Agnes (Spider:3)
  5 emperor scorpions (Spider:4)
  3 ghost moths
  2 broodmothers (Spider:3)
  Nessos (D:14)
  5 spark wasps
  Azrael (D:12)
  A minotaur (Gauntlet)
  A dire elephant (Lair:5)
  2 fire dragons (D:15)
  Josephine (D:14)
  2 entropy weavers
  2 rakshasas (D:14)
  7 hydras
  2 catoblepae
  An ogre mage (D:13)
  5 radroaches
  Erica (Lair:2)
  A jorogumo (Spider:2)
  6 two-headed ogres
  7 death yaks
  3 centaur warriors
  4 boulder beetles
  2 tengu warriors (D:15)
  Urug (D:10)
  5 demonic crawlers
  Sonja (Orc:2)
  Amaemon (Lair:2)
  5 pharaoh ants
  A sun moth (Spider:4)
  4 skysharks
  8 orb spiders
  10 orc knights
  5 steelbarb worms
  A lindwurm (Lair:5)
  2 deep elf pyromancers
  14 wolf spiders
  7 ugly things
  2 orc sorcerers (Orc:2)
  5 manticores
  7 cyclopes
  A moth of wrath (Spider:4)
  Joseph (D:10)
  25 elephants
  An orange demon (Lair:2)
  4 black mambas
  Maurice (D:10)
  18 cane toads
  An ice statue (Gauntlet)
  3 gargoyles
  Psyche (D:10)
  A freezing wraith (D:15)
  4 torpor snails
  3 yaktaurs (D:15)
  A kobold demonologist (D:10)
  7 rime drakes
  7 komodo dragons
  2 unseen horrors
  A hornet (D:11)
  9 trolls
  9 polar bears (Lair:5)
  3 meliai (Spider:4)
  27 tarantellas
  Prince Ribbit (D:5)
  17 blink frogs
  2 raiju (Lair:5)
  2 dream sheep (Lair:5)
  A raiju (shapeshifter) (D:13)
  17 slime creatures
  36 jumping spiders
  3 wraiths (D:14)
  6 shadows
  68 yaks
  4 wyverns
  15 culicivoras
  3 fire elementals (D:13)
  70 redbacks
  7 basilisks
  14 vampire mosquitoes
  4 steam dragons
  11 wargs
  2 acid dragons (D:10)
  Edmund (D:6)
  12 water moccasins
  17 hell hounds
  An ice beast (D:6)
  17 black bears
  38 orc warriors
  6 ogres
  37 wolves
  13 centaurs
  A kobold brigand (D:8)
  2 phantoms (D:6)
  16 bullfrogs
  6 gnoll sergeants
  A scorpion (D:6)
  3 wights (D:8)
  A killer bee (D:10)
  9 howler monkeys
  8 electric eels
  3 jellies
  20 orc priests
  3 gnoll boudas
  Crazy Yiuf (D:5)
  2 hounds
  3 sleepcaps
  30 orc wizards
  A hell rat (Lair:5)
  32 gnolls
  8 adders
  2 shadow imps
  3 white imps
  3 ufetubi
  2 worms
  2 dart slugs (D:2)
  113 orcs
  6 endoplasms
  4 giant cockroaches
  15 goblins
  9 hobgoblins
  5 jackals
  10 kobolds
  2 quokkas (D:1)
  4 ball pythons
  3 bats
  5 frilled lizards
  A rat (D:2)
1042 creatures vanquished.

Vanquished Creatures (collateral kills)
  An ice beast (D:8)
  A bullfrog (D:8)
2 creatures vanquished.

Vanquished Creatures (others)
  A culicivora (Spider:3)
  A wyvern (D:8)
  An orc (D:6)
3 creatures vanquished.

Grand Total: 1047 creatures vanquished

Notes
Turn   | Place    | Note
-------+----------+-------------------------------------------
     0 | D:1      | RepHenryClay the Deep Elf Hedge Wizard began the quest for
                  | the Orb.
     0 | D:1      | Reached XP level 1. HP: 10/10 MP: 7/7
   142 | D:1      | Found a faded altar of an unknown god.
   392 | D:1      | Reached XP level 2. HP: 15/15 MP: 6/9
  1108 | D:2      | Reached XP level 3. HP: 19/19 MP: 5/10
  2172 | D:3      | Reached XP level 4. HP: 24/24 MP: 6/12
  2381 | D:3      | Reached skill level 5 in Conjurations
  2388 | D:3      | Reached XP level 5. HP: 23/28 MP: 2/13
  2553 | D:3      | Identified the +1 robe of Spite {Rampage Will+ rCorr Dex-5}
  2565 | D:3      | Noticed Grinder
  2619 | D:3      | Learned a level 3 spell: Stone Arrow
  2764 | D:4      | Reached skill level 1 in Earth Magic
  2945 | D:4      | Learned a level 3 spell: Mephitic Cloud
  2948 | D:4      | Learned a level 2 spell: Blink
  3158 | D:4      | Reached XP level 6. HP: 32/32 MP: 9/14
  3300 | D:4      | Found Fiulloidu's Antique Weapon Shoppe.
  3303 | D:4      | Found Inicwidulu's Weapon Shop.
  3303 | D:4      | Found Ussirr's Assorted Antiques.
  3304 | D:4      | Found Aneb's Jewellery Shop.
  3897 | D:4      | Reached skill level 9 in Dodging
  3897 | D:4      | Reached skill level 10 in Conjurations
  3897 | D:4      | Reached XP level 7. HP: 36/36 MP: 15/15
  3898 | D:4      | Reached skill level 10 in Dodging
  3898 | D:4      | Reached XP level 8. HP: 46/46 MP: 16/21
  4071 | D:5      | Entered Level 5 of the Dungeon
  4923 | D:5      | Found a staircase to the Ecumenical Temple.
  4935 | D:5      | Found a runed translucent door.
  4951 | Temple   | Entered the Ecumenical Temple
  4959 | Temple   | Became a worshipper of Vehumet
  5203 | D:5      | Noticed Prince Ribbit
  5210 | D:5      | Learned a level 4 spell: Iskenderun's Mystic Blast
  5215 | D:5      | Killed Prince Ribbit
  5594 | D:5      | Reached XP level 9. HP: 51/51 MP: 18/22
  5841 | D:5      | Reached * piety under Vehumet
  5841 | D:5      | Offered knowledge of Freeze by Vehumet.
  6153 | D:5      | Noticed Crazy Yiuf
  6268 | D:5      | Killed Crazy Yiuf
  6334 | D:6      | Noticed Edmund
  6336 | D:6      | Killed Edmund
  7358 | D:6      | Found a snail-covered altar of Cheibriados.
  7956 | D:7      | Reached ** piety under Vehumet
  7956 | D:7      | Offered knowledge of Searing Ray by Vehumet.
  7997 | D:7      | Reached skill level 5 in Translocations
  8736 | D:8      | Reached XP level 10. HP: 56/56 MP: 16/23
  8738 | D:8      | Reached skill level 11 in Dodging
  8876 | D:8      | Noticed a cyclops
  8878 | D:8      | Noticed a white ugly thing
  8912 | D:8      | Noticed a two-headed ogre
  8932 | D:8      | HP: 1/56 [white imp/puff of frost (2)]
  9606 | D:8      | Killed a cyclops
  9606 | D:8      | Offered knowledge of Momentum Strike by Vehumet.
  9728 | D:8      | Killed a white ugly thing
  9833 | D:8      | Reached *** piety under Vehumet
 10000 | D:8      | Identified the +3 dagger of the Moon {heavy, MP+9}
 10105 | D:8      | Killed a two-headed ogre
 10106 | D:8      | Reached skill level 12 in Dodging
 10218 | D:8      | Found a broken altar of Ashenzari.
 10553 | D:8      | Noticed a centaur warrior
 10558 | D:8      | Killed a centaur warrior
 10559 | D:8      | Reached XP level 11. HP: 59/60 MP: 14/26
 10644 | D:8      | Found Tuzom's Book Shop.
 10653 | D:8      | Bought a book of Vapours for 390 gold pieces
 11005 | D:8      | Found a glowing golden altar of the Shining One.
 11012 | D:8      | Learned a level 5 spell: Freezing Cloud
 11121 | D:9      | Noticed a two-headed ogre
 11128 | D:9      | Killed a two-headed ogre
 11129 | D:9      | Reached skill level 1 in Ice Magic
 11129 | D:9      | Reached skill level 1 in Air Magic
 11245 | D:9      | Offered knowledge of Dazzling Flash by Vehumet.
 11249 | D:9      | Learned a level 2 spell: Poisonous Vapours
 11922 | D:9      | Reached **** piety under Vehumet
 12185 | D:10     | Entered Level 10 of the Dungeon
 12185 | D:10     | Noticed Maurice
 12192 | D:10     | Killed Maurice
 12278 | D:10     | Offered knowledge of Lee's Rapid Deconstruction by Vehumet.
 12312 | D:9      | Learned a level 5 spell: Lee's Rapid Deconstruction
 12365 | D:10     | Found a hazy altar of Hepliaklqana.
 12446 | D:10     | Noticed Urug
 12453 | D:10     | Killed Urug
 12538 | D:10     | Found a staircase to the Orcish Mines.
 12630 | D:10     | Found a shimmering blue altar of Sif Muna.
 12679 | D:10     | Noticed a deep elf pyromancer
 12868 | D:10     | Found an iron altar of Okawaru.
 12875 | D:10     | Noticed a two-headed ogre
 12882 | D:10     | Killed a two-headed ogre
 12883 | D:10     | Reached skill level 5 in Air Magic
 12986 | D:10     | Noticed Psyche
 12990 | D:10     | Killed Psyche
 13153 | D:10     | Reached skill level 10 in Spellcasting
 13402 | D:10     | Killed a deep elf pyromancer
 13430 | D:10     | Got the Spellbook of the Hart
 13800 | D:10     | Noticed Joseph
 13809 | D:10     | Killed Joseph
 14065 | D:10     | Found a glowing silver altar of Zin.
 14153 | D:11     | Noticed a two-headed ogre
 14166 | D:11     | Killed a two-headed ogre
 14167 | D:11     | Reached XP level 12. HP: 48/64 MP: 16/30
 14492 | D:11     | Reached ***** piety under Vehumet
 14496 | D:11     | Offered knowledge of Arcjolt by Vehumet.
 14645 | D:11     | Found a staircase to the Lair.
 14653 | D:11     | Learned a level 5 spell: Arcjolt
 14945 | D:11     | Identified the +0 leather armour of Winter {+Blink MP+9
                  | Stlth+}
 15567 | Lair:1   | Entered Level 1 of the Lair of Beasts
 16197 | Lair:1   | Reached skill level 15 in Spellcasting
 17031 | Lair:2   | Got The Fundamentals of Hermetics
 17048 | Lair:2   | Found a staircase to the Swamp.
 17198 | Lair:2   | Noticed Erica
 17208 | Lair:2   | Learned a level 7 spell: Orb of Destruction
 17211 | Lair:2   | Killed Erica
 17389 | Lair:2   | Reached XP level 13. HP: 69/69 MP: 15/34
 17390 | Lair:2   | Noticed Amaemon
 17394 | Lair:2   | Killed Amaemon
 18444 | Lair:3   | Found a gate leading to a gauntlet.
 18453 | Gauntlet | Entered a Gauntlet
 18453 | Gauntlet | Found a transporter.
 18453 | Gauntlet | Found a transporter.
 18502 | Gauntlet | Found a transporter.
 18502 | Gauntlet | Found a transporter.
 18510 | Gauntlet | Found a transporter.
 18513 | Gauntlet | Found a transporter.
 18526 | Gauntlet | Found a transporter.
 18539 | Gauntlet | Found a transporter.
 18545 | Gauntlet | Noticed a green death
 18556 | Gauntlet | Found a transporter.
 18559 | Gauntlet | Found a transporter.
 18569 | Gauntlet | Found a transporter.
 18582 | Gauntlet | Found a transporter.
 18761 | Gauntlet | Identified the +1 plate armour "Bunymn" {Harm}
 18892 | Gauntlet | Identified the ring "Ziops" {Fly rElec rPois rCorr Str-2}
 18938 | Gauntlet | Noticed a minotaur
 18943 | Gauntlet | Killed a minotaur
 18951 | Gauntlet | Identified the +1 helmet "Unol" {rCorr MP-9 Str+4 Dex+3}
 18951 | Gauntlet | Identified the ring "Wucrun" {rF++ rCorr Str+3}
 19195 | Lair:3   | Found a hole to the Spider Nest.
 19253 | Lair:3   | Reached skill level 15 in Conjurations
 19445 | Lair:3   | Found a runed translucent door.
 19445 | Lair:3   | Found a shimmering altar of Xom.
 19445 | Lair:3   | Noticed gelatine's ghost (journeyman DsGl)
 19463 | Lair:3   | Offered knowledge of Iskenderun's Battlesphere by Vehumet.
 19490 | Lair:2   | Learned a level 5 spell: Iskenderun's Battlesphere
 19975 | Lair:3   | Identified the +3 leather armour of Crawling {*Slow +Inv
                  | rElec rPois}
 20645 | Lair:4   | Identified a scroll of acquirement
 20659 | Lair:4   | Acquired the ring of Xeipiuka {rF+ rN+ Str+4}
 21494 | Lair:4   | Reached XP level 14. HP: 59/74 MP: 21/35
 21680 | Lair:4   | Found a staircase to the Slime Pits.
 21684 | Lair:4   | Found a viscous altar of Jiyva.
 22569 | Lair:5   | Entered Level 5 of the Lair of Beasts
 23140 | Lair:5   | Offered knowledge of Yara's Violent Unravelling by Vehumet.
 23373 | Lair:5   | Reached skill level 13 in Dodging
 23640 | Lair:5   | Found a shimmering altar of Xom.
 23812 | Lair:5   | Reached skill level 5 in Fighting
 24225 | Lair:5   | Reached skill level 14 in Dodging
 24754 | Lair:5   | Reached skill level 15 in Dodging
 24856 | Lair:5   | Identified the +1 arbalest of Iconoclasm {heavy, rF- rN+
                  | MP+9 Dex+5}
 25222 | Lair:5   | Reached XP level 15. HP: 82/82 MP: 12/36
 25525 | Lair:5   | Reached skill level 16 in Dodging
 26119 | Orc:1    | Entered Level 1 of the Orcish Mines
 26272 | Orc:2    | Entered Level 2 of the Orcish Mines
 26272 | Orc:2    | Found a staircase to the Elven Halls.
 27557 | Orc:1    | You fall into a shaft and drop 1 floor!
 27666 | Orc:2    | Noticed Sonja
 27672 | Orc:2    | Reached ****** piety under Vehumet
 27672 | Orc:2    | Offered knowledge of Ozocubu's Refrigeration by Vehumet.
 27673 | Orc:2    | Killed Sonja
 27850 | Orc:2    | Reached skill level 17 in Dodging
 28295 | Orc:2    | Found Ohusk's Jewellery Shop.
 28295 | Orc:2    | Found Sifoem's Magic Scroll Emporium.
 28327 | Orc:2    | Bought a scroll of revelation for 135 gold pieces
 28327 | Orc:2    | Bought a scroll of revelation for 135 gold pieces
 28888 | Orc:2    | Found Sackes's Armour Shop.
 28888 | Orc:2    | Found Uvuivov's Magic Scroll Emporium.
 28901 | Orc:2    | Bought a scroll of fear for 52 gold pieces
 29177 | Orc:2    | Upgraded the game from 0.31-a0-408-gb642c7f9a3 to
                  | 0.31-a0-426-g3a05650e59
 29534 | D:12     | Reached skill level 18 in Dodging
 29972 | D:13     | Noticed Rupert
 29999 | D:13     | Killed Rupert
 30390 | D:13     | Noticed Azrael
 30549 | D:12     | Killed Azrael
 30882 | D:13     | Reached skill level 19 in Dodging
 30946 | D:13     | Found a gate to the Vaults.
 31173 | D:14     | Noticed Jorgrun
 31192 | D:14     | Killed Jorgrun
 31196 | D:13     | Offered knowledge of Conjure Ball Lightning by Vehumet.
 31289 | D:14     | Noticed Frances
 31295 | D:14     | Killed Frances
 31731 | D:14     | Noticed Nessos
 31735 | D:14     | Killed Nessos
 31888 | D:14     | You fall into a shaft and drop 1 floor!
 31888 | D:15     | Entered Level 15 of the Dungeon
 31992 | D:14     | Noticed Josephine
 31997 | D:14     | Killed Josephine
 32356 | D:14     | Reached skill level 20 in Dodging
 32616 | D:15     | Reached XP level 16. HP: 87/87 MP: 7/37
 33963 | D:15     | Reached skill level 21 in Dodging
 34114 | D:15     | Found a staircase to the Depths.
 34389 | D:4      | Bought a steaming quick blade for 600 gold pieces
 34389 | D:4      | Identified the +1 quick blade of Death {elec, Str+3} (You
                  | bought it in a shop on level 4 of the Dungeon)
 35111 | Spider:1 | Entered Level 1 of the Spider Nest
 35175 | Spider:1 | Reached skill level 1 in Shields
 35277 | Spider:1 | Reached skill level 1 in Evocations
 35311 | Spider:1 | Reached skill level 1 in Staves
 35770 | Spider:1 | Offered knowledge of Plasma Beam by Vehumet.
 36995 | Spider:2 | Reached skill level 5 in Shields
 37002 | Spider:2 | Identified the +0 helmet of the Divine Trilobite {Fly rElec
                  | rC- rCorr}
 38984 | Orc:2    | Bought a ring of see invisible for 150 gold pieces
 38985 | Orc:2    | Bought the ring "Zaotuc" {rC+ Slay+3} for 446 gold pieces
 39228 | Spider:3 | Reached skill level 5 in Evocations
 39524 | Spider:3 | Reached skill level 5 in Staves
 39573 | Spider:3 | Noticed Agnes
 39578 | Spider:3 | Killed Agnes
 40097 | Spider:3 | Offered knowledge of Eringya's Noxious Bog by Vehumet.
 40413 | Spider:3 | Reached XP level 17. HP: 92/92 MP: 26/38
 40625 | Spider:4 | Entered Level 4 of the Spider Nest
 44000 | Spider:4 | Slain by a ghost moth

Illustrated notes

Levels and vault maps discovered:
D:1:      elethiomel_arrival_quiet, layout_loops_cross,
          dreamdust_ecumenical_altar_statues
D:2:      layout_basic
D:3:      kennysheep_six_static_rooms, layout_loops_ring, serial_shops,
          nicolae_shop_mannequins, uniq_grinder
D:4:      layout_loops_ring, nicolae_wooded_promenade, st_stairs_14
D:5:      corexii_shantytown, layout_basic, minmay_temple_entry_overgrown,
          uniq_crazy_yiuf_cottage, uniq_prince_ribbit1
D:6:      layout_loops_ring, kennysheep_mini, minmay_misc_feat_tiny, uniq_edmund
D:7:      black_bear_nest_1, layout_basic
D:8:      cheibrodos_ideogram_h, layout_layer_cave,
          mainiacjoe_overflow_alcove_2, mainiacjoe_overflow_surrounded_room,
          serial_shops, shop
D:9:      layout_long_grid
D:10:     minmay_clustersquares, layout_grid_maze, general_overflow_altar,
          mainiacjoe_overflow_chevrons, okawaru_ov_weapons_minmay,
          mainiacjoe_overflow_six_doors_small, orc_0_dummy, uniq_joseph,
          uniq_psyche, uniq_urug, uniq_maurice
D:11:     layout_cave_pods, david_lair_generic
D:12:     layout_roguey
D:13:     layout_cave_pools, david_vaults_2, kennysheep_pointless_box,
          uniq_azrael, uniq_rupert
D:14:     layout_cave_pools, kennysheep_crisscross, uniq_jorgrun, uniq_frances,
          uniq_nessos, uniq_josephine
D:15:     grunt_enter_depths_hoard, layout_loops_ring, palyth_stone_intersect
Temple:   nicolae_temple_bog_church
Lair:1:   layout_loops_ring
Lair:2:   layout_hall_layers, minmay_swamp_entry_swarm, uniq_amaemon, uniq_erica
Lair:3:   layout_regular_city, spider_nest_entry_rubble, ebering_ghost_xom,
          gauntlet_entry_generic, serial_bayou_shore_a, serial_bayou_shore_b
Lair:4:   layout_cave_pods, minmay_slime_entry_pillars, wad_woods_river_01
Lair:5:   hangedman_lair_in_review, layout_regular_city,
          hangedman_lair_caniforms_friends, basic_altar, serial_rivers,
          chequers_serial_rivers_small_a, chequers_serial_rivers_small_b,
          chequers_serial_rivers_micro_d, chequers_serial_rivers_micro_c,
          pdpol_lair_neglected_garden
Spider:1: layout_cave_pods
Spider:2: layout_chambers, nicolae_spider_bzzzt
Spider:3: layout_spider_delve, uniq_agnes
Spider:4: grunt_spider_rune_circles
Orc:1:    layout_diamond_mine
Orc:2:    st_orc_town, layout_caves, uniq_sonja

Skill      XL: |  1  2  3  4  5  6  7  8  9 10 11 12 13 14 15 16 17 |
---------------+----------------------------------------------------+-----
Conjurations   | 2 3 4 5 6 10 11 12 16 18 | 18.0
Earth Magic    | 2 8 |  8.5
Dodging        | 9 10 12 15 20 21 | 21.0
Fighting       | 3 5 |  5.0
Stealth        | 6 |  6.4
Spellcasting   | 7 9 12 15 | 15.3
Translocations | 2 5 |  5.0
Ice Magic      | 4 |  4.7
Air Magic      | 5 |  5.0
Shields        | 5 |  5.0
Evocations     | 6 8 |  8.6
Staves         | 5 9 |  9.1
Summonings     | |  1.1

Action                     |  1- 3 |  4- 6 |  7- 9 | 10-12 | 13-15 | 16-18 || total
---------------------------+-------+-------+-------+-------+-------+-------++-------
  Melee: Dagger            |     7 |       |       |       |       |       ||     7
         Staff             |       |    13 |    28 |    94 |    39 |    23 ||   197
         Punch             |       |     1 |       |     2 |       |       ||     3
   Cast: Magic Dart        |    93 |    86 |       |       |       |       ||   179
         Stone Arrow       |       |    10 |   155 |   255 |   468 |   271 ||  1159
         Mephitic Cloud    |       |     1 |       |    14 |     3 |       ||    18
         Iskenderun's Myst |       |       |       |    17 |    38 |    48 ||   103
         Freezing Cloud    |       |       |       |    25 |    46 |    20 ||    91
         Poisonous Vapours |       |       |       |     6 |     5 |    28 ||    39
         Orb of Destructio |       |       |       |     5 |    62 |    49 ||   116
         Lee's Rapid Decon |       |       |       |       |     6 |       ||     6
         Iskenderun's Batt |       |       |       |       |    83 |    88 ||   171
         Arcjolt           |       |       |       |       |    15 |     3 ||    18
         Blink             |       |       |       |       |       |     1 ||     1
  Evoke: Wand              |       |       |       |     1 |       |       ||     1
    Use: Scroll            |       |     5 |       |    10 |    10 |     5 ||    30
         Potion            |       |     2 |     1 |    11 |     1 |       ||    15
   Stab: Confused          |       |       |       |     3 |       |       ||     3
 Armour: Robe              |     4 |     7 |       |       |       |       ||    11
         Steam dragon scal |       |       |     6 |       |       |       ||     6
         Leather armour    |       |       |       |    36 |    22 |    30 ||    88
         Skin              |       |       |       |     2 |       |       ||     2
  Dodge: Dodged            |    10 |    35 |    51 |   209 |   247 |   164 ||   716
  Block: Other             |       |       |       |       |    19 |     1 ||    20
         Reflection        |       |       |       |       |     8 |     1 ||     9
         Buckler           |       |       |       |       |       |    70 ||    70

Table legend: (Time is in decaauts)
 A = Elapsed time spent in this place.
 B = Non-inter-level travel time spent in this place.
 C = Inter-level travel time spent in this place.
 D = Time resting spent in this place.
 E = Time spent auto-exploring this place.
 F = Levels seen in this place.
 G = Mean time per level.
                   A        B        C        D        E       F      G
               +--------+--------+--------+--------+--------+-----+--------+
         Total |  44138 |  41443 |   2695 |   4980 |  31143 |  28 | 1576.4 |
       Dungeon |  21582 |  20020 |   1562 |   2496 |  14969 |  15 | 1438.8 |
        Temple |     16 |      2 |     14 |      0 |      0 |   1 |   16.0 |
          Lair |  10364 |   9904 |    460 |   1307 |   7322 |   5 | 2072.8 |
   Spider Nest |   8428 |   8062 |    366 |   1066 |   6077 |   4 | 2107.0 |
  Orcish Mines |   3244 |   2953 |    291 |     66 |   2457 |   2 | 1622.0 |
      Gauntlet |    501 |    501 |      0 |     45 |    317 |   1 |  501.0 |
               +--------+--------+--------+--------+--------+-----+--------+

Top non-repeatable levels by time:
Spider:4: 3373 daAuts
  Lair:5: 3094 daAuts
     D:5: 2452 daAuts
Spider:2: 2341 daAuts
  Lair:4: 2194 daAuts
     D:8: 2084 daAuts
    D:10: 2064 daAuts
   Orc:2: 2031 daAuts
  Lair:3: 1979 daAuts
  Lair:1: 1590 daAuts
Spider:1: 1560 daAuts
    D:11: 1549 daAuts
     D:7: 1524 daAuts
    D:15: 1513 daAuts
  Lair:2: 1506 daAuts
